 Dungeon Crawl Stone Soup version 0.18-a0-1426-g3b9a63c (webtiles) character file.

3098 Kilingo the Nimble (level 9, -6/69 HPs)
             Began as a Merfolk Monk on Feb 26, 2016.
             Was a Believer of Dithmenos.
             Mangled by a death knight
             ... wielding a +2 morningstar
              (24 damage)
             ... on level 7 of the Dungeon on Feb 28, 2016.
             The game lasted 03:04:59 (7943 turns).

Kilingo the Nimble (Merfolk Monk)                   Turns: 7943, Time: 03:04:59

Health: -6/69      AC: 16    Str: 19    XL:     9   Next: 90%
Magic:  13/13      EV: 15    Int:  9    God:    Dithmenos [**....]
Gold:   275        SH:  0    Dex: 17    Spells: 0 memorised, 8 levels left

rFire  . . .     SeeInvis +     D - +0 scythe (protect)
rCold  . . .     Gourm    .     B - +0 scale mail
rNeg   . . .     Faith    .     (shield currently unavailable)
rPois  .         Spirit   .     s - +0 helmet
rElec  .         Dismiss  .     H - +2 cloak
rCorr  .         Reflect  .     w - +0 pair of gloves
SustAt .         Harm     .     (no boots)
MR     .....                    (no amulet)
Stlth  +++.......               (no ring)
                                q - ring of see invisible

@: mighty, wreathed by umbra, not resistant to hostile enchantments, fairly
stealthy
A: change form in water, swift swim
a: Shadow Step, Renounce Religion


You were on level 7 of the Dungeon.
You worshipped Dithmenos.
Dithmenos was pleased with you.
You were not hungry.

You visited 1 branch of the dungeon, and saw 8 of its levels.

You collected 385 gold pieces.
You spent 110 gold pieces at shops.

Inventory:

Hand Weapons
 a - a +2 spear of venom
 b - a +0 dagger of speed
 u - a +2 spear of freezing
 z - a +0 blowgun
 D - a +0 scythe of protection (weapon)
Missiles
 c - 421 stones (quivered)
 y - 5 tomahawks
 A - 24 poisoned needles
 E - a throwing net
Armour
 g - a +0 ring mail
 s - a +0 helmet (worn)
 w - a +0 pair of gloves (worn)
 B - a +0 scale mail (worn)
 H - a +2 cloak (worn)
Jewellery
 q - a ring of see invisible (left hand)
Wands
 t - a wand of confusion (23/48)
 I - a wand of heal wounds (3/9)
Scrolls
 e - 2 scrolls of recharging
 h - a scroll of fog {unknown}
 p - a scroll of amnesia {unknown}
 r - a scroll of enchant armour {unknown}
 F - 2 scrolls of remove curse
Potions
 d - a potion of cure mutation {unknown}
 i - a potion of ambrosia {unknown}
 o - 2 potions of brilliance
 v - 2 potions of magic
 x - 2 potions of agility
 C - 2 potions of might
 G - a potion of flight {unknown}
 J - a potion of invisibility {unknown}
 L - a potion of curing
Comestibles
 f - 4 bread rations
 j - 4 beef jerkies
 m - 2 slices of pizza
 n - 3 meat rations


   Skills:
 + Level 6.2 Fighting
 - Level 4.1 Short Blades
 + Level 7.9 Polearms
 - Level 2.9 Throwing
 - Level 1.5 Armour
 + Level 8.2 Dodging
 - Level 6.2 Stealth
 - Level 4.7 Unarmed Combat
 + Level 6.2 Invocations
 * Level 1.7 Evocations


You had 8 spell levels left.
You didn't know any spells.

Dungeon Overview and Level Annotations

Branches:
Dungeon (8/15)             Temple (0/1) D:7
   Lair: D:8-11

Altars:
Ashenzari
Cheibriados
Dithmenos
Okawaru
Ru
Trog
Yredelemnul

Shops:
D:4 =:*%?


Message History

You feel much better.
Drink which item? (? for menu, Esc to quit)
You feel very mighty all of a sudden. The death knight misses you.
You slice the death knight!!
The death knight is heavily wounded.
The death knight closely misses you.
The death knight hits you but does no damage.
You closely miss the death knight.
The death knight is heavily wounded.
The death knight hits you with an enchanted morningstar!!
You hit the death knight but do no damage.
The death knight is heavily wounded.
The death knight looks more healthy.
The death knight barely misses you.
You hit the death knight.
The death knight is heavily wounded.
The death knight hits you with an enchanted morningstar!!
* * * LOW HITPOINT WARNING * * *
The death knight hits you with an enchanted morningstar!!
You die...

#............###.##
############......#
#.###..# #.# #..#
#.# #..# #.####.#
#....#.# ####p#.#
#@#.# #.#.# #.#.#
#.#)# ####.#.###
##........#
#.....###.# #.....#
#.# #.....# #.#


You could see a death knight.

Vanquished Creatures
  Grinder (D:4)
  Prince Ribbit (D:7)
  Sigmund (D:3)
  2 hungry ghosts
  3 orc warriors
  3 ice beasts
  3 phantoms
  An ogre (D:7)
  A giant frog (D:6)
  A scorpion (D:4)
  2 killer bees (D:7)
  2 crimson imps
  7 howler monkeys
  4 hounds
  2 jellies (D:7)
  2 orc priests
  2 giant frog skeletons
  4 orc wizards
  Ijyb (D:3)
  2 iguanas
  3 worker ants
  A hound skeleton (D:6)
  Robin (D:2)
  12 gnolls
  A worker ant zombie (D:7)
  8 adders
  An adder skeleton (D:4)
  3 worms
  A dart slug (D:3)
  2 giant geckos
  19 orcs
  7 bats
  5 giant cockroaches
  16 goblins
  6 hobgoblins
  4 jackals (D:4)
  6 quokkas
  6 giant newts
  A jackal zombie (D:5)
  11 kobolds
  2 quokka skeletons (D:4)
  A quokka zombie (D:6)
  8 rats
170 creatures vanquished.

Vanquished Creatures (collateral kills)
  A worm (D:7)
1 creature vanquished.

Vanquished Creatures (others)
  A jelly (D:7)
1 creature vanquished.

Grand Total: 172 creatures vanquished

Notes
Turn   | Place    | Note
--------------------------------------------------------------
     0 | D:1      | Kilingo the Merfolk Monk began the quest for the Orb.
     0 | D:1      | Reached XP level 1. HP: 18/18 MP: 1/1
   420 | D:1      | Reached XP level 2. HP: 24/24 MP: 2/2
  1077 | D:2      | Noticed Robin
  1085 | D:2      | Killed Robin
  1085 | D:2      | Reached XP level 3. HP: 22/29 MP: 3/3
  1087 | D:2      | Reached skill level 1 in Polearms
  1185 | D:2      | Found a shadowy altar of Dithmenos.
  1265 | D:2      | Became a worshipper of Dithmenos the Shadowed
  1265 | D:2      | Reached * piety under Dithmenos
  1265 | D:2      | Reached ** piety under Dithmenos
  1571 | D:2      | Reached XP level 4. HP: 30/37 MP: 4/4
  2186 | D:3      | Reached skill level 1 in Invocations
  2283 | D:3      | Found a sacrificial altar of Ru.
  2297 | D:3      | Reached XP level 5. HP: 40/42 MP: 4/6
  2396 | D:3      | Reached skill level 5 in Dodging
  2502 | D:3      | Noticed a phantom
  2598 | D:3      | Noticed Ijyb
  2602 | D:3      | Reached skill level 1 in Throwing
  2624 | D:3      | Killed Ijyb
  2624 | D:3      | Reached XP level 6. HP: 48/48 MP: 7/7
  2843 | D:3      | Noticed Sigmund
  3120 | D:3      | Killed a phantom
  3417 | D:4      | Found Cuyppoust's Jewellery Shoppe.
  3421 | D:4      | Bought a cursed ring of teleportation for 58 gold pieces
  3425 | D:4      | Noticed Grinder
  3431 | D:4      | Paralysed by Grinder for 4 turns
  3567 | D:4      | Found Faku Bik's Food Shop.
  3570 | D:4      | Found Jexeus's Magic Scroll Emporium.
  3593 | D:4      | Bought a scroll of identify for 26 gold pieces
  3667 | D:4      | Found Mushrock's Assorted Antiques.
  3859 | D:4      | Found Ateun's Book Shop.
  3930 | D:4      | Noticed an ice beast
  3974 | D:4      | Killed an ice beast
  3974 | D:4      | Reached XP level 7. HP: 55/55 MP: 9/9
  4156 | D:2      | Upgraded the game from 0.18-a0-1418-ga86aa8f to 0.18-a0-1426-g3b9a63c
  4238 | D:3      | Killed Sigmund
  4238 | D:3      | Reached skill level 5 in Polearms
  4333 | D:4      | Found a sacrificial altar of Ru.
  4439 | D:4      | Noticed a hungry ghost
  4613 | D:4      | Reached skill level 1 in Short Blades
  4613 | D:4      | Reached skill level 6 in Dodging
  4670 | D:4      | Bought a scroll of identify for 26 gold pieces
  4699 | D:4      | Killed Grinder
  4699 | D:4      | Reached skill level 5 in Fighting
  4699 | D:4      | Reached XP level 8. HP: 48/62 MP: 11/11
  4706 | D:5      | Entered Level 5 of the Dungeon
  4920 | D:5      | Found a bloodstained altar of Trog.
  5643 | D:6      | Reached skill level 5 in Invocations
  5904 | D:2      | Reached skill level 7 in Dodging
  5904 | D:2      | Reached skill level 1 in Evocations
  6043 | D:6      | Reached skill level 5 in Stealth
  6055 | D:6      | Reached XP level 9. HP: 58/68 MP: 7/12
  6649 | D:7      | Found a sacrificial altar of Ru.
  6769 | D:7      | Found a shattered altar of Ashenzari.
  6804 | D:7      | Reached skill level 1 in Armour
  6805 | D:7      | Noticed Prince Ribbit
  6819 | D:7      | Found a snail-covered altar of Cheibriados.
  6829 | D:7      | Killed Prince Ribbit
  6853 | D:7      | Found a basalt altar of Yredelemnul.
  6853 | D:7      | Found an iron altar of Okawaru.
  7168 | D:7      | Found a staircase to the Ecumenical Temple.
  7412 | D:8      | Reached skill level 8 in Dodging
  7527 | D:8      | Noticed a death knight
  7943 | D:7      | Mangled by a death knight

Vault maps used:
D:1:      lordsloth_arrival_two_stooges, serial_bayou_pond_e
D:2:      nicolae_overflow_crystal_walls, uniq_robin
D:3:      first_bread, minmay_misc_feat_x, st_stairs_14,
          nicolae_ru_great_annihilating_truth, uniq_iyjb, uniq_sigmund
D:4:      overflow_temple_1_default, serial_shops, nicolae_shop_behind_doors,
          nicolae_shop_competitors_out_of_business, shop,
          nicolae_shop_competitors_out_of_business, nicolae_shop_waterfront,
          uniq_grinder
D:5:      marbit_many_paths, minmay_statues_item
D:6:      minivault_10, mrwooster_statue_mirror
D:7:      slow_altar_2, grunt_temple_overflow_open, lemuel_temple_firewalk,
          basic_altar, uniq_prince_ribbit1
D:8:      minmay_curly_fans, dpeg_lair_monsters, the_bakery

Skill      XL: |  1  2  3  4  5  6  7  8  9 |
---------------+----------------------------+-----
Polearms       | 2 3 4 5 6 7 |  7.9
Invocations    | 1 2 3 4 5 6 |  6.2
Stealth        | 3 4 5 6 |  6.2
Dodging        | 5 6 7 8 |  8.2
Throwing       | 1 2 |  2.9
Fighting       | 4 5 6 |  6.2
Short Blades   | 2 3 4 |  4.1
Evocations     | 1 |  1.7
Armour         | 1 |  1.5
Unarmed Combat | |  4.7

Action                   |  1- 3 |  4- 6 |  7- 9 || total
-------------------------+-------+-------+-------++-------
Melee: Unarmed           |    47 |       |       ||    47
       Dagger            |     7 |    13 |    29 ||    49
       Spear             |    47 |   156 |   291 ||   494
       Scythe            |       |       |    45 ||    45
 Fire: Blowgun           |       |     3 |     6 ||     9
Throw: Stone             |    37 |    43 |    43 ||   123
Invok: Shadow Step       |       |     5 |     3 ||     8
Evoke: Wand              |       |       |    15 ||    15
  Use: Scroll            |     3 |     5 |    14 ||    22
       Potion            |       |     4 |     6 ||    10
 Stab: Sleeping          |     2 |     7 |    11 ||    20
       Paralysed         |       |     1 |       ||     1
       Distracted        |       |       |     2 ||     2
       Confused          |       |       |     2 ||     2
  Eat: Chunk             |     2 |     6 |     6 ||    14
       Fruit             |       |     2 |     5 ||     7
       Bread ration      |       |       |     4 ||     4
